Description

x

Build Order

Get SALT Encoding   

  13  0:02  Probe (Chrono Boost)  
  13  0:08  Probe (Chrono Boost)  
  14  0:21  Pylon  
  15  0:23  Probe (Chrono Boost)  
  16  0:30  Probe (Chrono Boost)  
  16  0:38  Gateway  
  17  0:44  Assimilator  
  18  0:48  Probe (Chrono Boost)  
  18  0:55  Probe (Chrono Boost)  
  19  1:00  Probe (Chrono Boost)  
  20  1:14  Unknown 3 sonde all'assimilatore  
  21  1:27  Nexus  
  21  1:38  Cybernetics Core  
  21  1:43  Probe (Chrono Boost)  
  22  1:45  Assimilator  
  22  1:48  Probe (Chrono Boost)  
  23  1:55  Pylon  
  23  2:01  Probe (Chrono Boost)  
  22  2:15  Unknown spostare 3 sonde all'altro assimilatore  
  22  2:16  Mothership Core  
  24  2:17  Stalker  
  26  2:25  Gateway  
  25  2:30  Warp Gate SPOSTARE L'ACCELERAZIONE TEMPORALE SUL CENTRO CIBERNETICO  
  30  2:50  Probe x6  
  30  2:52  Stargate  
  30  2:53  Pylon  
Spawning Tool Build Advisor. Get it on Overwolf

Analysis

x

Go to:

Details

  • Created by: tank_123
  • Published on: Sep 20, 2016
  • Modified on: Sep 24, 2016
  • Patch: Pre-3.8.0
Show
View Real Time Build Order
Export as new Build Order

Comments (0)

There are no comments. Be the first!

Create an account to comment!